 Dungeon Crawl Stone Soup version 0.25-a0-420-g1cc7eeb0d1 (webtiles) character file.

Game seed: 13478533641752782494, levelgen mode: deterministic

11331 ReteAZ the Severer (level 11, -4/95 HPs)
             Began as a Minotaur Fighter on Jan 19, 2020.
             Was an Elder of Okawaru.
             Slain by Jorgrun
             ... wielding a +0 vorpal quarterstaff
              (18 damage)
             ... on level 2 of the Orcish Mines.
             The game lasted 00:16:08 (10758 turns).

ReteAZ the Severer (Minotaur Fighter)              Turns: 10758, Time: 00:16:08

Health: -4/95      AC: 16    Str: 25    XL:     11   Next: 47%
Magic:  10/10      EV:  6    Int:  9    God:    Okawaru [****..]
Gold:   1256       SH: 10    Dex: 14    Spells: 10/10 levels left

rFire    . . .     SeeInvis .   a - +1 war axe
rCold    . . .     Gourm    .   c - +0 shield
rNeg     . . .     Faith    .   x - +0 plate armour
rPois    .         Spirit   .   (helmet restricted)
rElec    .         Reflect  .   y - +1 cloak (curse)
rCorr    .         Harm     .   (no gloves)
MR       .....     Clarity  +   (no boots)
Stlth    ..........             s - amulet of regeneration
HPRegen  0.65/turn              l - +3 ring of dexterity
MPRegen  0.12/turn              w - +4 ring of intelligence

@: grasped by roots, constricted
A: retaliatory headbutt, horns 2, clarity, screaming 1, strong 1
a: Heroism, Renounce Religion


You were on level 2 of the Orcish Mines.
You worshipped Okawaru.
Okawaru was greatly pleased with you.
You were not hungry.

You visited 3 branches of the dungeon, and saw 14 of its levels.
You also visited: Ossuary.

You collected 1256 gold pieces.

Inventory:

Hand Weapons
 a - a +1 war axe (weapon)
 t - a +1 scythe of flaming
 A - a +2 scimitar of flaming
Armour
 b - a +0 scale mail
 c - a +0 shield (worn)
 m - a +0 chain mail
 v - a +0 cloak
 x - a +0 plate armour (worn)
 y - a cursed +1 cloak (worn)
Jewellery
 l - a +3 ring of dexterity (left hand)
 s - an amulet of regeneration (around neck)
 w - a +4 ring of intelligence (right hand)
 E - an uncursed amulet of the gourmand
Wands
 d - a wand of iceblast (15)
 B - a wand of enslavement (10)
 C - a wand of digging (11)
Scrolls
 e - 8 scrolls of remove curse
 h - 5 scrolls of teleportation
 i - 8 scrolls of identify
 j - a scroll of fog
 o - 2 scrolls of enchant armour
 q - 4 scrolls of blinking
 r - 3 scrolls of magic mapping
Potions
 p - 7 potions of lignification
 u - 2 potions of heal wounds
 z - 4 potions of curing
 D - a potion of mutation
 F - a potion of brilliance
 H - a potion of flight
Comestibles
 f - 14 rations
 I - 6 chunks of flesh


   Skills:
 + Level 8.8 Fighting
 * Level 16.0 Axes
 + Level 8.9 Armour
 + Level 7.0 Dodging
 - Level 4.0 Shields


You had 10 spell levels left.
You didn't know any spells.
Your spell library contained the following spells:

 Spells                   Type           Power        Failure   Level  Hunger
 Foxfire                  Conj/Fire      #...         100%        1    ##.....
 Magic Dart               Conj           #...         100%        1    ##.....
 Searing Ray              Conj           #.....       100%        2    ###....
 Conjure Flame            Conj/Fire      #.......     100%        3    ####...
 Dazzling Flash           Conj/Hex       #.....       100%        3    ####...
 Inner Flame              Hex/Fire       #.......     100%        3    ####...
 Fulminant Prism          Conj/Hex       #.........   100%        4    #####..
 Iskenderun's Mystic Bla  Conj/Tloc      #.......     100%        4    #####..
 Sticky Flame             Conj/Fire      #.......     100%        4    #####..
 Fireball                 Conj/Fire      #.........   100%        5    ######.


Dungeon Overview and Level Annotations

Branches:
Dungeon (11/15)            Temple (1/1) D:7            Lair (0/6) D:9
    Orc (2/2) D:9             Elf (0/3) Orc:2       Ossuary (visited)

Altars:
Ashenzari
Cheibriados
Dithmenos
Elyvilon
Fedhas
Gozag
Hepliaklqana
Kikubaaqudgha
Makhleb
Nemelex Xobeh
Okawaru
Qazlal
Ru
Sif Muna
Trog
Uskayaw
Vehumet
Wu Jian
Xom
Yredelemnul
Zin
The Shining One

Shops:
Orc:1 %

Annotations:
D:4 1 runed translucent door, astraldaughter's ghost, amateur DEEE
D:5 2 transporters, tabo's ghost, novice HOMo
Orc:2 Jorgrun


Innate Abilities, Weirdness & Mutations

You reflexively headbutt those who attack you in melee.
You have a pair of horns on your head.
You possess an exceptional clarity of mind.
You occasionally shout uncontrollably at your foes.
Your muscles are strong. (Str +2)


Message History

Jorgrun casts a spell at you.
Roots burst forth from the earth!
The grasping roots grab you! The grasping roots constrict you.
You miss Jorgrun.
Jorgrun is severely wounded.
You block Jorgrun's attack. The grasping roots constrict you.
Your plate armour prevents you from hitting Jorgrun.
Your headbutt misses Jorgrun.
Jorgrun is severely wounded.
You block Jorgrun's attack.
* * * LOW HITPOINT WARNING * * *
The grasping roots constrict you!
You hit Jorgrun. Your headbutt misses Jorgrun.
Jorgrun is severely wounded.
You slice Jorgrun!! You headbutt Jorgrun.
Jorgrun is almost dead.
Jorgrun hits you with a +0 vorpal quarterstaff!
* * * LOW HITPOINT WARNING * * *
x2 You die...

,,............................##
,,...........................##
**............#...............#
,*#..........#................#*
,,*,,,,,,..................#...*
,,,,,,,,,.......#.......#.#...#*
,,*,,,,,,.......##............#
,,,,,,,,,..$..$.....#........##
,,,,,,,,,......g@.......##...#
,,*,,,*,,.............###*#.##
,,,,,,,,,.............#* *##
,,,,,,,,,..............#
**,**,,*,.##.##..##.#.##
***********##*#########


You could see Jorgrun.

Vanquished Creatures
  Fannar (Orc:1)
  Erica (D:9)
  2 orc sorcerers (Orc:2)
  Joseph (D:7)
  A komodo dragon (D:11)
  3 trolls
  A hornet (D:10)
  Prince Ribbit (D:7)
  Sigmund (D:4)
  A spriggan (D:7)
  Eustachio (D:4)
  A wyvern (D:10)
  2 wargs
  A water moccasin (D:10)
  6 porcupines (D:9)
  A sky beast (D:9)
  7 orc warriors
  4 ice beasts
  3 phantoms
  4 black bears
  An eye of draining (D:10)
  2 centaurs
  11 ogres
  A crocodile (D:9)
  4 bullfrogs
  5 scorpions
  11 killer bees
  A lava snake (D:10)
  4 orc priests
  A quasit (D:10)
  2 centaur zombies
  6 hounds
  Crazy Yiuf (D:7)
  2 bullfrog skeletons
  A gnoll shaman (D:10)
  19 orc wizards
  4 centaur skeletons
  2 iguanas
  6 worker ants
  4 ogre zombies (Ossuary)
  A big kobold zombie (Ossuary)
  A hound zombie (D:9)
  2 hound skeletons
  7 mummies (Ossuary)
  A worker ant zombie (D:3)
  8 gnolls
  9 adders
  2 adder zombies (Ossuary)
  An adder skeleton (D:4)
  3 worms
  A dart slug (D:4)
  3 leopard geckos
  42 orcs
  12 bats
  2 bat zombies (D:9)
  10 giant cockroaches
  6 goblins
  6 hobgoblins
  3 jackals (D:2)
  2 quokkas
  A ball python (D:1)
  4 frilled lizards
  A gnoll zombie (Ossuary)
  4 goblin zombies (Ossuary)
  5 hobgoblin zombies (Ossuary)
  11 kobolds
  3 kobold zombies
  2 quokka skeletons
  6 quokka zombies (Ossuary)
  7 rats
  8 rat zombies
305 creatures vanquished.

Vanquished Creatures (others)
  7 fungi (D:9)
7 creatures vanquished.

Grand Total: 312 creatures vanquished

Notes
Turn   | Place    | Note
-------+----------+-------------------------------------------
     0 | D:1      | ReteAZ the Minotaur Fighter began the quest for the Orb.
     0 | D:1      | Reached XP level 1. HP: 19/19 MP: 0/0
   177 | D:1      | Reached XP level 2. HP: 26/27 MP: 1/1
   365 | D:1      | Reached skill level 3 in Axes
  1091 | D:2      | Reached XP level 3. HP: 33/33 MP: 2/2
  1373 | D:2      | Reached skill level 4 in Axes
  1804 | D:3      | Reached XP level 4. HP: 39/40 MP: 3/3
  1834 | D:3      | Reached skill level 5 in Axes
  2016 | D:3      | Found a basalt altar of Yredelemnul.
  2035 | D:3      | Reached XP level 5. HP: 40/46 MP: 4/4
  2042 | D:3      | Reached skill level 6 in Axes
  2971 | D:4      | Reached skill level 7 in Axes
  2977 | D:4      | Found a hazy altar of Hepliaklqana.
  3008 | D:4      | Reached XP level 6. HP: 45/52 MP: 5/5
  3067 | D:4      | Found a runed translucent door.
  3069 | D:4      | Noticed astraldaughter's ghost (amateur DEEE)
  3081 | D:4      | Noticed Sigmund
  3096 | D:4      | Killed Sigmund
  3096 | D:4      | Reached skill level 8 in Axes
  3219 | D:4      | Reached skill level 9 in Axes
  3219 | D:4      | Reached XP level 7. HP: 38/59 MP: 6/6
  3407 | D:4      | Noticed Eustachio
  3447 | D:4      | Killed Eustachio
  3447 | D:4      | Reached skill level 10 in Axes
  3680 | D:5      | Entered Level 5 of the Dungeon
  3680 | D:5      | Found a sparkling altar of Nemelex Xobeh.
  3690 | D:5      | Reached XP level 8. HP: 66/66 MP: 7/7
  3784 | D:5      | Found a sacrificial altar of Ru.
  3800 | D:5      | Reached skill level 11 in Axes
  4067 | D:5      | Noticed tabo's ghost (novice HOMo)
  4118 | D:5      | Found a transporter.
  4119 | D:5      | Found a transporter.
  4607 | D:6      | Reached skill level 12 in Axes
  4903 | D:7      | Reached skill level 13 in Axes
  4939 | D:7      | Found an ornate altar of the Wu Jian Council.
  5025 | D:7      | Found a staircase to the Ecumenical Temple.
  5110 | Temple   | Entered the Ecumenical Temple
  5311 | D:7      | Reached XP level 9. HP: 61/71 MP: 8/8
  5333 | D:7      | Noticed Joseph
  5344 | D:7      | Killed Joseph
  5378 | D:7      | Reached skill level 14 in Axes
  5498 | D:7      | Noticed Prince Ribbit
  5510 | D:7      | Gained mutation: Your muscles are strong. (Str +2) [potion
                  | of mutation]
  5510 | D:7      | Gained mutation: You occasionally shout uncontrollably at
                  | your foes. [potion of mutation]
  5510 | D:7      | Gained mutation: You possess an exceptional clarity of
                  | mind. [potion of mutation]
  5511 | D:7      | Killed Prince Ribbit
  5758 | D:7      | Found a runed translucent door.
  5759 | D:7      | Noticed Crazy Yiuf
  5777 | D:7      | Found a shadowy altar of Dithmenos.
  5950 | D:7      | Killed Crazy Yiuf
  5993 | D:8      | Found a sand-covered staircase.
  6017 | Ossuary  | Entered an ossuary
  6198 | Ossuary  | Reached skill level 15 in Axes
  6431 | D:8      | Found a glowing silver altar of Zin.
  6477 | D:8      | Found a glowing silver altar of Zin.
  6482 | D:8      | Found a shimmering blue altar of Sif Muna.
  6485 | D:8      | Found a shattered altar of Ashenzari.
  6660 | D:8      | Found a shattered altar of Ashenzari.
  6694 | D:8      | Found an iron altar of Okawaru.
  6763 | D:8      | Became a worshipper of Warmaster Okawaru
  7181 | D:9      | Reached XP level 10. HP: 70/78 MP: 9/9
  7188 | D:9      | Reached skill level 16 in Axes
  7202 | D:9      | Reached skill level 1 in Dodging
  7301 | D:9      | Found a staircase to the Orcish Mines.
  7301 | D:9      | Noticed Erica
  7304 | D:9      | Reached * piety under Okawaru
  7338 | D:9      | Killed Erica
  7338 | D:9      | Reached skill level 5 in Fighting
  7338 | D:9      | Reached skill level 5 in Armour
  7665 | D:9      | Found a staircase to the Lair.
  7958 | D:9      | Found an ancient bone altar of Kikubaaqudgha.
  8122 | D:10     | Entered Level 10 of the Dungeon
  8209 | D:10     | Reached ** piety under Okawaru
  8590 | D:10     | Paralysed by a hornet for 1 turns
  8592 | D:10     | Reached skill level 5 in Dodging
  8688 | D:10     | Reached *** piety under Okawaru
  8787 | D:10     | Reached XP level 11. HP: 72/92 MP: 10/10
  9169 | Orc:1    | Entered Level 1 of the Orcish Mines
  9573 | Orc:1    | Found Xull's Food Shoppe.
  9694 | Orc:2    | Entered Level 2 of the Orcish Mines
  9796 | Orc:1    | Noticed Fannar
  9817 | Orc:1    | Killed Fannar
 10031 | Orc:2    | Found a staircase to the Elven Halls.
 10037 | Orc:2    | Reached **** piety under Okawaru
 10287 | Orc:1    | Noticed an orc warlord
 10381 | Orc:2    | Noticed an orc sorcerer
 10394 | Orc:2    | Killed an orc sorcerer
 10417 | Orc:2    | Noticed an orc sorcerer
 10431 | Orc:2    | Killed an orc sorcerer
 10741 | Orc:2    | Noticed Jorgrun
 10758 | Orc:2    | Slain by Jorgrun

Levels and vault maps discovered:
D:1:      dpeg_arrival_central, layout_loops_ring
D:2:      layout_basic, first_ration
D:3:      layout_basic, lemuel_round_altar, kennysheep_nondescript
D:4:      layout_rooms, lemuel_round_altar, hellmonk_ghost_happy_afterlife,
          lemuel_old_faithful, uniq_eustachio, uniq_sigmund
D:5:      layout_loops_ring, nemelex_xobeh_ov_fountains_minmay,
          nicolae_ru_path_of_blood, gammafunk_ghost_abyssal_escape
D:6:      layout_rooms
D:7:      black_bear_nest_1, layout_cave_pods, kennysheep_mini,
          lemuel_round_altar, minmay_temple_entry_slanted, minivault_23,
          the_bakery, kennysheep_decorative_pillar, chequers_decorated_corner,
          uniq_joseph, uniq_crazy_yiuf_cottage, uniq_prince_ribbit1
D:8:      layout_basic, minmay_overflow_temple_star_quad, marbit_many_paths,
          basic_altar, enter_ossuary_3, ashenzari_altar_1
D:9:      layout_basic, lemuel_zombie_altar_kikubaaqudgha,
          due_lair_maze_entry_diamond, david_orc_3, grunt_ministairs_5,
          uniq_erica
D:10:     layout_gridville, kennysheep_generic_room_9
D:11:     layout_loops_ring
Temple:   grunt_temple_mini_profane
Orc:1:    layout_diamond_mine, serial_shops, shop_fountains, uniq_fannar
Orc:2:    st_orc_elflike, layout_caves, guppyfry_library_mini, uniq_jorgrun

Skill      XL: |  1  2  3  4  5  6  7  8  9 10 11 |
---------------+----------------------------------+-----
Axes           | 3 4 5 7 9 10 13 15 16 | 16.0
Shields        | 4 |  4.0
Fighting       | 4 7 8 |  8.8
Armour         | 4 7 8 |  8.9
Dodging        | 5 7 |  7.0

Action                   |  1- 3 |  4- 6 |  7- 9 | 10-12 || total
-------------------------+-------+-------+-------+-------++-------
Melee: War axe           |   113 |   118 |   371 |   366 ||   968
       Headbutt          |    12 |    17 |    94 |    77 ||   200
Invok: Heroism           |       |       |       |     2 ||     2
  Use: Potion            |       |     3 |     3 |     8 ||    14
       Scroll            |       |       |     1 |    11 ||    12
  Eat: Chunk             |     2 |     6 |     9 |    12 ||    29
       Ration            |       |       |     1 |       ||     1
Armor: Scale mail        |    32 |       |       |       ||    32
       Chain mail        |    21 |    51 |    48 |       ||   120
       Skin              |       |     1 |       |       ||     1
       Plate armour      |       |       |    62 |   120 ||   182
Dodge: Dodged            |    35 |    13 |    40 |    70 ||   158
Block: Shield            |    54 |    52 |   133 |   140 ||   379

Table legend:
 A = Non-vault XP
 B = Vault XP
 C = Vault XP percentage of total XP
 D = Non-vault monster count
 E = Vault monster count
 F = Vault count percentage of total count
                 A         B        C        D         E       F
            +---------+---------+-------+---------+---------+-------
      Total |    9850 |    6338 |  39.2 |     224 |      81 |  26.6
            +---------+---------+-------+---------+---------+-------
        D:1 |      24 |       0 |   0.0 |      16 |       0 |   0.0
        D:2 |      70 |       0 |   0.0 |      27 |       0 |   0.0
        D:3 |     265 |       0 |   0.0 |      36 |       0 |   0.0
        D:4 |     579 |     424 |  42.3 |      16 |       2 |  11.1
        D:5 |     144 |       0 |   0.0 |       9 |       0 |   0.0
        D:6 |     632 |       0 |   0.0 |      21 |       0 |   0.0
        D:7 |     832 |    1123 |  57.4 |      11 |       5 |  31.2
        D:8 |     449 |       2 |   0.4 |       7 |       2 |  22.2
        D:9 |     247 |    2722 |  91.7 |      11 |      27 |  71.1
       D:10 |    3286 |       0 |   0.0 |      40 |       0 |   0.0
       D:11 |     381 |       0 |   0.0 |       2 |       0 |   0.0
      Orc:1 |     913 |     991 |  52.0 |      12 |       1 |   7.7
      Orc:2 |    2028 |     750 |  27.0 |      16 |       7 |  30.4
    Ossuary |       0 |     326 | 100.0 |       0 |      37 | 100.0
            +---------+---------+-------+---------+---------+-------
